 Dungeon Crawl Stone Soup version 0.28-a0-811-g00180f5fcc (webtiles) character file.

Game seed: 6707059325183171865

2411 Decritt the Basher (level 9, 0/57 HPs)
             Began as a Gargoyle Fighter on Nov 8, 2021.
             Was an Initiate of Ru.
             Killed from afar by a gargoyle (19 damage)
             ... with a stone arrow
             ... on level 6 of the Dungeon.
             The game lasted 00:17:30 (7588 turns).

Decritt the Basher (Gargoyle Fighter)               Turns: 7588, Time: 00:17:30

Health: 0/57       AC: 20    Str: 29    XL:     9   Next: 47%
Magic:  9/9        EV:  9    Int:  8    God:    Ru [......]
Gold:   250        SH:  5    Dex: 10    Spells: 8/8 levels left

rFire   . . .      SeeInvis .   g - +3 mace (protect)
rCold   . . .      Faith    .   c - +1 buckler
rNeg    + . .      Spirit   .   m - +0 chain mail
rPois   ∞          Reflect  .   (no helmet)
rElec   +          Harm     .   u - +2 cloak
rCorr   .          Rampage  .   (no gloves)
Will    .....                   (no boots)
Stlth   ..........              (no amulet)
HPRegen 0.19/turn               x - +6 ring of strength
MPRegen 0.11/turn               (no ring)

@: no status effects
A: sickness immunity, AC +6, negative energy resistance 1, electricity
resistance, torment resistance 1, petrification resistance
a: Renounce Religion


You were on level 6 of the Dungeon.
You worshipped Ru.
Ru was noncommittal.
You visited 2 branches of the dungeon, and saw 7 of its levels.

You collected 250 gold pieces.

Inventory:

Hand Weapons
 a - a +0 flail
 g - a +3 mace of protection (weapon)
 h - a +0 whip
Missiles
 l - 24 poisoned darts (quivered)
Armour
 b - a +0 scale mail
 c - a +1 buckler (worn)
 m - a +0 chain mail (worn)
 u - a +2 cloak (worn)
Jewellery
 d - a ring of resist corrosion
 s - a ring of fire
 x - a +6 ring of strength (left hand)
Wands
 e - a wand of iceblast (3)
 r - a wand of polymorph (8)
 v - a wand of flame (12)
 w - a wand of charming (5)
Scrolls
 i - a scroll of amnesia
 j - a scroll of holy word {unknown}
 k - 3 scrolls of teleportation
 n - a scroll of fear
 q - a scroll of blinking {unknown}
 t - a scroll of acquirement {unknown}
 y - a scroll of silence
 A - a scroll of enchant weapon
Potions
 f - a potion of heal wounds
 o - 2 potions of curing
 p - a potion of resistance
 z - a potion of lignification {unknown}


   Skills:
 + Level 7.1 Fighting
 * Level 8.4 Maces & Flails
 - Level 3.0 Throwing
 + Level 7.1 Armour
 + Level 1.2 Dodging
 - Level 4.1 Shields


You had 8 spell levels left.
You didn't know any spells.
Your spell library contained the following spells:

 Spells                   Type           Power      Damage    Failure   Level
 Animate Skeleton         Necr           0%         N/A       89%         1
 Magic Dart               Conj           0%         1d3       89%         1
 Pain                     Necr           0%         1d4       89%         1
 Call Imp                 Summ           0%         N/A       96%         2
 Ensorcelled Hibernation  Hex/Ice        0%         N/A       96%         2
 Static Discharge         Conj/Air       0%         N/A       96%         2
 Ignite Poison            Fire/Tmut/Pois 0%         N/A       99%         3
 Inner Flame              Hex/Fire       0%         N/A       99%         3
 Mephitic Cloud           Conj/Pois/Air  0%         N/A       99%         3
 Spider Form              Tmut/Pois      0%         N/A       99%         3
 Vampiric Draining        Necr           0%         2d6       99%         3
 Cause Fear               Hex            0%         N/A       100%        4
 Dispel Undead            Necr           0%         3d6       100%        4
 Sticky Flame             Conj/Fire      0%         2d3       100%        4
 Freezing Cloud           Conj/Ice/Air   0%         6-21      100%        5
 Discord                  Hex            0%         N/A       100%        8


Dungeon Overview and Level Annotations

Branches:
Dungeon (6/15)             Temple (1/1) D:5

Altars:
Ashenzari
Cheibriados
Dithmenos
Elyvilon
Fedhas
Gozag
Hepliaklqana
Kikubaaqudgha
Makhleb
Nemelex Xobeh
Okawaru
Qazlal
Ru
Sif Muna
Trog
Uskayaw
Vehumet
Wu Jian
Xom
Yredelemnul
Zin
The Shining One


Innate Abilities, Weirdness & Mutations

You are immune to sickness and miasma.
Your stone body is resilient. (AC +6)
You are immune to poison.
You resist negative energy. (rN+)
You are resistant to electric shocks. (rElec)
You are resistant to unholy torment.
You are immune to petrification.


Message History

You hit the gargoyle.
The gargoyle is moderately damaged.
The gargoyle hurls a stone arrow at you.
The stone arrow hits you!
You completely miss the gargoyle.
The gargoyle is moderately damaged.
The gargoyle closely misses you.
You barely miss the gargoyle.
The gargoyle is moderately damaged.
The gargoyle hits you but does no damage.
You hit the gargoyle but do no damage.
The gargoyle is moderately damaged.
The gargoyle barely misses you.
You closely miss the gargoyle.
The gargoyle is moderately damaged.
The gargoyle hits you but does no damage.
You hit the gargoyle.
The gargoyle is moderately damaged.
The gargoyle hits you but does no damage.
You hit the gargoyle.
The gargoyle is moderately damaged.
The gargoyle hurls a stone arrow at you.
The stone arrow hits you.
You closely miss the gargoyle.
The gargoyle is moderately damaged.
The gargoyle hits you with a +0 morningstar!
* * * LOW HITPOINT WARNING * * *
You hit the gargoyle but do no damage.
The gargoyle is moderately damaged.
The gargoyle barely misses you.
You hit the gargoyle but do no damage.
The gargoyle is moderately damaged.
The gargoyle hits you but does no damage.
You hit the gargoyle but do no damage.
The gargoyle is moderately damaged.
The gargoyle hits you with a +0 morningstar!
* * * LOW HITPOINT WARNING * * *
The gargoyle hurls a stone arrow at you.
The stone arrow hits you!!
You die...

..(......# #.#..............#
.........# #.#..#.....9).<..#
.........######.#..#...........#
##...........##.#..............##
#............##.#.############..#
#....(..........#..# #....####.#
.............#####.# #.....# #.#
######.(..##.......####.....# #..
# #...(####.#@...........# ##. #
#......####.###..##....# #. #
#...##†##.9.#....#.....# #. #
#...##.##.###....#.....# #. ###
#...##....###.[..#.....####. ..#
#...###....##.##.#......#...
..######## #.##.#........###.#.##
....# #.##.#..........).#...
###.# #.##.#.........)######


You could see a gargoyle.

Vanquished Creatures
  Maggie (D:6)
  Menkaure (D:6)
  A water moccasin (D:4)
  A black bear (D:6)
  3 sky beasts
  2 necrophages
  2 ogres
  A centaur (D:6)
  2 phantoms
  A scorpion (D:5)
  A water moccasin skeleton (D:6)
  3 wights (D:6)
  3 hounds
  3 centaur skeletons (D:5)
  4 jellies
  An orc priest (D:3)
  Crazy Yiuf (D:6)
  An orc wizard (D:4)
  2 iguanas (D:5)
  A killer bee zombie (D:5)
  A hound skeleton (D:4)
  7 adders
  4 gnolls
  A howler monkey skeleton (D:4)
  A shadow imp (D:5)
  4 ufetubi
  An adder skeleton (D:4)
  An adder zombie (D:5)
  3 worms
  A dart slug (D:4)
  13 orcs
  10 endoplasms
  4 giant cockroaches
  5 hobgoblins
  9 jackals
  7 kobolds
  6 quokkas
  8 ball pythons
  6 bats
  9 frilled lizards
  6 goblins
  9 rats
151 creatures vanquished.

Vanquished Creatures (others)
  2 fungi (D:1)
  4 plants (D:1)
6 creatures vanquished.

Grand Total: 157 creatures vanquished

Notes
Turn   | Place    | Note
-------+----------+-------------------------------------------
     0 | D:1      | Decritt the Gargoyle Fighter began the quest for the Orb.
     0 | D:1      | Reached XP level 1. HP: 14/14 MP: 1/1
   157 | D:1      | Reached XP level 2. HP: 18/19 MP: 2/2
   609 | D:1      | Found a faded altar of an unknown god.
   667 | D:1      | Reached XP level 3. HP: 23/23 MP: 3/3
  1024 | D:1      | Reached skill level 3 in Maces & Flails
  1704 | D:2      | Reached XP level 4. HP: 29/29 MP: 4/4
  2382 | D:2      | Reached XP level 5. HP: 28/33 MP: 5/5
  3009 | D:3      | Reached skill level 4 in Maces & Flails
  3601 | D:4      | Reached XP level 6. HP: 39/39 MP: 6/6
  3708 | D:4      | Reached skill level 1 in Throwing
  4386 | D:4      | Reached skill level 5 in Maces & Flails
  4486 | D:4      | Reached XP level 7. HP: 25/44 MP: 7/7
  4799 | D:5      | Entered Level 5 of the Dungeon
  4826 | D:5      | Reached skill level 5 in Fighting
  4826 | D:5      | Reached skill level 5 in Armour
  4990 | D:4      | Reached skill level 6 in Maces & Flails
  5464 | D:4      | Reached XP level 8. HP: 36/50 MP: 8/8
  6056 | D:5      | Found a staircase to the Ecumenical Temple.
  6060 | Temple   | Entered the Ecumenical Temple
  6205 | Temple   | Became a worshipper of Ru the Awakened
  6436 | D:6      | Reached skill level 7 in Maces & Flails
  6672 | D:6      | Noticed Menkaure
  6676 | D:6      | Killed Menkaure
  6677 | D:6      | Reached XP level 9. HP: 56/56 MP: 9/9
  6678 | D:6      | Noticed Maggie
  6712 | D:6      | Killed Maggie
  6713 | D:6      | Reached skill level 8 in Maces & Flails
  6725 | D:6      | Noticed a gargoyle
  6831 | D:6      | Found a blossoming altar of Fedhas.
  6866 | D:6      | Found a runed translucent door.
  6867 | D:6      | Noticed Crazy Yiuf
  6880 | D:6      | Killed Crazy Yiuf
  7339 | D:6      | Reached skill level 1 in Dodging
  7588 | D:6      | Killed from afar by a gargoyle

Illustrated notes

Levels and vault maps discovered:
D:1:      heliophobic_arrival_glass_houses, layout_basic,
          shapermc_ecumenical_altar_mp_urbaneastern, minmay_lizard_pond
D:2:      layout_basic
D:3:      layout_loops_ring
D:4:      layout_basic, grunt_decor_fettered, chequers_serial_rivers_small_3
D:5:      layout_loops_ring, temple_statues, minmay_fractal_squares_5
D:6:      layout_basic, fedhas_altar_2, minmay_liquid_box, uniq_menkaure,
          uniq_crazy_yiuf_cottage, uniq_maggie
Temple:   kilobyte_greek_temple

Skill      XL: |  1  2  3  4  5  6  7  8  9 |
---------------+----------------------------+-----
Maces & Flails | 3 4 5 6 7 8 |  8.4
Fighting       | 4 5 6 7 |  7.1
Armour         | 4 5 6 7 |  7.1
Throwing       | 1 2 3 |  3.0
Shields        | 4 |  4.1
Dodging        | 1 |  1.2

Action                   |  1- 3 |  4- 6 |  7- 9 || total
-------------------------+-------+-------+-------++-------
Melee: Flail             |    51 |       |       ||    51
       Whip              |    96 |    18 |       ||   114
       Mace              |       |   177 |   268 ||   445
Throw: Dart              |    51 |   109 |    74 ||   234
  Use: Scroll            |       |       |    12 ||    12
       Potion            |       |       |     1 ||     1
 Stab: Invisible         |       |       |     1 ||     1
Armor: Scale mail        |    82 |    19 |       ||   101
       Chain mail        |       |    85 |   222 ||   307
Dodge: Dodged            |    64 |    74 |   145 ||   283
Block: Buckler           |    29 |    39 |    66 ||   134

Table legend: (Time is in decaauts)
 A = Elapsed time spent in this place.
 B = Non-inter-level travel time spent in this place.
 C = Inter-level travel time spent in this place.
 D = Time resting spent in this place.
 E = Time spent auto-exploring this place.
 F = Levels seen in this place.
 G = Mean time per level.
                   A        B        C        D        E       F      G
               +--------+--------+--------+--------+--------+-----+--------+
         Total |   7647 |   7470 |    177 |   1012 |   4945 |   7 | 1092.4 |
       Dungeon |   7459 |   7290 |    169 |   1012 |   4780 |   6 | 1243.2 |
        Temple |    187 |    179 |      8 |      0 |    165 |   1 |  187.0 |
               +--------+--------+--------+--------+--------+-----+--------+

Top non-repeatable levels by time:
     D:4: 1960 daAuts
     D:1: 1609 daAuts
     D:2: 1122 daAuts
     D:5: 967 daAuts
     D:6: 962 daAuts
     D:3: 837 daAuts
  Temple: 187 daAuts
